 Dungeon Sprint DCSS version 0.19-a0-406-ge21436e (webtiles) character file.

123389 Groucho the Hoplite (level 16, -23/178 HPs)
             Began as a Minotaur Fighter on May 30, 2016.
             Killed from afar by the Serpent of Hell (93 damage)
             ... with a blast of flame
             ... in the Dungeon (Sprint V: "Ziggurat Sprint").
             The game lasted 00:18:30 (4539 turns).

Groucho the Hoplite (Minotaur Fighter)              Turns: 4539, Time: 00:18:31

Health: -23/178    AC: 49    Str: 43    XL:     16   Next: 36%
Magic:  11/21      EV: 15    Int:  5    God:
Gold:   0          SH: 39    Dex: 21    Spells: 0 memorised, 15 levels left

rFire  . . .     SeeInvis +     b - +14 obsidian axe {chop, +Fly Str+3 SInv *Curse} (curse)
rCold  . . .     Gourm    .     c - +15 Maxwell's patent armour {-Cast -Tele rElec MR+ rCorr}
rNeg   + + .     Faith    +     l - +18 shield of the Gong {rElec rN+ MR+ EV-5}
rPois  +         Spirit   .     M - +0 hat {MR+}
rElec  +         Dismiss  .     N - +2 cloak {+Inv}
rCorr  +         Reflect  .     r - +1 pair of gloves {Dex+3}
SustAt .         Harm     .     V - +2 pair of boots {run}
MR     ++++.     NoTele   +     K - amulet "Oqualyf" {Faith rElec rN+ Str+4 Stlth-}
Stlth  .......... NoCast   +    L - +5 ring of protection
                                q - +6 ring of strength

@: mighty, agile, corroded, mesmerised, very slightly contaminated, hasted,
studying 3 skills, very quick, incredibly resistant to hostile enchantments,
extremely unstealthy
A: retaliatory headbutt, horns 2, deterioration 1, poison resistance, sturdy
frame 1
a: Evoke Invisibility, Evoke Flight


You were in the Dungeon.
You were full.

You visited 1 branch

Inventory:

Hand Weapons
 b - the cursed +14 obsidian axe (weapon) {chop, +Fly Str+3 SInv *Curse}
   (You found it in the Dungeon)

   It inflicts extra damage upon your enemies.
   It affects your strength (+3).
   It lets you see invisible.
   It lets you fly.
   It may re-curse itself when equipped.
   It has a curse placed upon it.
Armour
 a - a +5 gold dragon armour
 c - the +15 Maxwell's patent armour (worn) {-Cast -Tele rElec MR+ rCorr}
   (You found it in the Dungeon)

   It insulates you from electricity.
   It affects your resistance to hostile enchantments.
   It prevents spellcasting.
   It prevents most forms of teleportation.
   It protects you from acid and corrosion.
 l - the +18 shield of the Gong (worn) {rElec rN+ MR+ EV-5}
   (You found it in the Dungeon)

   It affects your evasion (-5).
   It insulates you from electricity.
   It protects you from negative energy.
   It affects your resistance to hostile enchantments.
 r - a +1 pair of gloves of dexterity (worn)
 M - a +0 hat of magic resistance (worn)
 N - a +2 cloak of invisibility (worn)
 V - a +2 pair of boots of running (worn)
Jewellery
 n - a +4 amulet of reflection
 q - a +6 ring of strength (left hand)
 v - the amulet "Heniosin" {Inacc Dex+2}
   (You found it in the Dungeon)

   [amulet of inaccuracy]

   It reduces the accuracy of all your attacks.
   It affects your dexterity (+2).
 K - the amulet "Oqualyf" (around neck) {Faith rElec rN+ Str+4 Stlth-}
   (You found it in the Dungeon)

   [amulet of faith]

   It allows you to gain divine favour quickly.
   It affects your strength (+4).
   It insulates you from electricity.
   It protects you from negative energy.
   It makes you less stealthy.
 L - a +5 ring of protection (right hand)
 R - a +4 ring of intelligence
 S - an uncursed ring of protection from magic
 T - the ring "Geeckugg" {rN++ Slay+1}
   (You found it in the Dungeon)

   [ring of slaying]

   It affects your accuracy and damage with ranged weapons and melee attacks
   (+1).
   It greatly protects you from negative energy.
 U - the ring "Yckaur" {Wiz +Inv rPois Dex+5 Slay-2}
   (You found it in the Dungeon)

   [ring of wizardry]

   It improves your spell success rate.
   It affects your dexterity (+5).
   It affects your accuracy and damage with ranged weapons and melee attacks
   (-2).
   It protects you from poison.
   It lets you turn invisible.
Wands
 s - a wand of disintegration (7/24)
 t - a wand of iceblast (5/15)
 u - a wand of lightning (5/15)
 Q - a wand of hasting (0/9)
Scrolls
 k - 4 scrolls of blinking
 y - 4 scrolls of amnesia
 z - 4 scrolls of recharging
 A - 7 scrolls of fog
 B - a scroll of holy word
 C - 5 scrolls of identify
 D - 5 scrolls of remove curse
 E - 2 scrolls of fear
 P - 3 scrolls of brand weapon
Potions
 d - 4 potions of might
 e - 10 potions of curing
 g - 4 potions of heal wounds
 h - 6 potions of haste
 i - 7 potions of magic
 j - 3 potions of berserk rage
 F - 2 potions of brilliance
 G - a potion of invisibility
 H - 3 potions of resistance
 J - 4 potions of agility
Books
 o - a manual of Spellcasting
 p - a manual of Summonings
 O - a manual of Dodging
Comestibles
 f - 3 bread rations
 w - 42 fruits
 x - 2 meat rations


   Skills:
 - Level 25.2 Fighting
 - Level 19.4 Axes
 * Level 26.2 Armour
 - Level 5.9 Dodging
 * Level 26.3 Shields
 - Level 9.2 Evocations


You had 15 spell levels left.
You didn't know any spells.

Dungeon Overview and Level Annotations

Branches:
Dungeon (1/1)

Altars:
Ashenzari
Cheibriados
Dithmenos
Elyvilon
Fedhas
Gozag
Hepliaklqana
Kikubaaqudgha
Makhleb
Nemelex Xobeh
Okawaru
Pakellas
Qazlal
Ru
Sif Muna
Trog
Uskayaw
Vehumet
Xom
Yredelemnul
Zin
The Shining One
Beogh
Jiyva
Lugonu

Annotations:
D Aizul, Asmodeus, Boris, Cerebov, Chuck, Erica, Jory, Lom Lobon, Mnoleg, Murray, Nergalle, Pikel, Serpent of Hell


Innate Abilities, Weirdness & Mutations

You reflexively headbutt those who attack you in melee.
You have a pair of horns on your head.
Your body sometimes deteriorates upon taking damage.
Your system is resistant to poisons. (rPois)
Your movements are slightly less encumbered by armour. (ER -2)


Message History

You slash Wiglaf!
You kill Wiglaf!
You closely miss Jory.
Jory is heavily damaged.
You slash Aizul!
Aizul is heavily wounded.
You slash Asmodeus!
Asmodeus is lightly wounded.
You chop the Serpent of Hell into pieces!!!
The Serpent of Hell is heavily wounded.
You block Asmodeus's attack.
GONNNNG!
Jory is engulfed in roaring flames.
Jory is infused with unholy energy, but nothing happens.
Aizul is engulfed in roaring flames.
You block Aizul's attack.
GONNNNG!
The Serpent of Hell breathes flames at you.
The blast of flame hits you!
Ouch! That really hurt!
You die...

▓..........
.....L.......▓..........
.......K.....▓..........
▓.................▓..........
▓...........*.....▓..........
▓........3.†.\....▓..........
▓......3..o@23w...▓..........
▓.........C&§)....▓...▓......
▓.......&.&§@V....▓..........
▓.........zD&S....▓..........
▓..........§§§....▓..........
▓▓▓▓▓▓▓▓▓▓▓▓▓▓▓▓▓▓▓▓▓▓▓▓▓▓▓▓▓
▓......8©8. ▓..[.[:}:|}
▓..)|:[|}[: ▓....|})[:.
▓..........


You could see Cerebov, Asmodeus, Lom Lobon (petrified), Mnoleg, the Serpent of
Hell, Jory, Murray, Boris (invisible), Aizul (berserk), an eldritch tentacle,
Chuck, Erica (invisible), Nergalle (berserk), 2 sun demons, Pikel, a hellion and
a friendly soul eater.

Vanquished Creatures
  Saint Roka (D)
  A golden dragon (D)
  the Enchantress (D)
  A pearl dragon (D)
  2 acid blobs (D)
  4 greater nagas (D)
  A storm dragon (D)
  Wiglaf (D)
  4 azure jellies (D)
  A daeva (D)
  A fire giant (D)
  2 stone giants (D)
  A green draconian (D)
  A black draconian (D)
  2 purple draconians (D)
  2 yellow draconians (D)
  2 mottled draconians (D)
  2 death oozes (D)
  An ice dragon (D)
  2 great orbs of eyes (D)
  A naga warrior (D)
  2 anacondas (D)
  2 orc high priests (D)
  A thrashing horror (D)
  2 deep elf knights (D)
  A hell knight (D)
  A cherub (D)
  9 starcursed masses (D)
  4 giant orange brains (D)
  A hill giant (D)
  A deep elf mage (D)
  3 orc sorcerers (D)
  An orc knight (D)
  2 shining eyes (D)
  5 draconians (D)
  3 cyclopes (D)
  8 black mambas (D)
  2 naga magi (D)
  2 eyes of devastation (D)
  2 smoke demons (D)
  3 guardian serpents (D)
  A rust devil (D)
  A spiny frog (D)
  A hellion (D)
  A freezing wraith (D)
  2 ice devils (D)
  A tormentor (D)
  5 merfolk (D)
  5 trolls (D)
  5 two-headed ogres (D)
  3 raiju (D)
  8 slime creatures (D)
  2 shadows (D)
  2 wraiths (D)
  2 golden eyes (D)
  A basilisk (D)
  A neqoxec (D)
  3 hippogriffs (D)
  2 wargs (D)
  4 nagas (D)
  A porcupine (D)
  2 hell hounds (D)
  A giant eyeball (D)
  2 large abominations (D)
  A water moccasin (D)
  An ice beast (D)
  2 orc warriors (D)
  2 eyes of draining (D)
  2 phantoms (D)
  3 ogres (D)
  A crocodile (D)
  2 giant frogs (D)
  An earth elemental (D)
  5 small abominations (D)
  3 wights (D)
  4 crimson imps (D)
  5 jellies (D)
  5 quasits (D)
  3 orc priests (D)
  2 iron imps (D)
  2 orc wizards (D)
  A sheep (D)
  An adder (D)
  2 river rats (D)
  A shadow imp (D)
  6 white imps (D)
  2 ufetubi (D)
  An adder skeleton (D)
  4 orcs (D)
  A ball python (D)
  6 bat skeletons (D)
  2 bat zombies (D)
  A jackal (D)
  2 ball python zombies (D)
  2 giant cockroach zombies (D)
  A giant gecko skeleton (D)
222 creatures vanquished.

Vanquished Creatures (collateral kills)
  An orc warlord (D)
  3 stone giants (D)
  An ice dragon (D)
  An anaconda (D)
  A large abomination (D)
  3 cyclopes (D)
  A guardian serpent (D)
  A slime creature (D)
  2 merfolk (D)
  2 ogres (D)
  A centaur (D)
  A starcursed mass (D)
  A jelly (D)
  An iron imp (D)
  A white imp (D)
21 creatures vanquished.

Vanquished Creatures (others)
  Dissolution (D)
  Kirke (D)
  Josephine (D)
  Joseph (D)
  Maurice (D)
  Grinder (D)
  Prince Ribbit (D)
  Edmund (D)
  Ijyb (D)
  2 ball lightnings (D)
  4 eldritch tentacle segments (D)
15 creatures vanquished.

Grand Total: 258 creatures vanquished

Notes
Turn   | Place    | Note
--------------------------------------------------------------
     0 | D        | Groucho the Minotaur Fighter began the quest for the Orb.
     0 | D        | Reached XP level 1. HP: 19/19 MP: 0/0
     5 | D        | Killed Edmund
    11 | D        | Killed Kirke
    17 | D        | Found a shimmering altar of Xom.
    18 | D        | Found a burning altar of Makhleb.
    18 | D        | Found an iron altar of Okawaru.
    18 | D        | Found a deep blue altar of Sif Muna.
    18 | D        | Found a radiant altar of Vehumet.
    18 | D        | Found a bloodstained altar of Trog.
    19 | D        | Found a sparkling altar of Nemelex Xobeh.
    24 | D        | Found a corrupted altar of Lugonu.
    24 | D        | Found a roughly hewn altar of Beogh.
    24 | D        | Found a white marble altar of Elyvilon.
    24 | D        | Found a viscous altar of Jiyva.
    24 | D        | Found a blossoming altar of Fedhas.
    42 | D        | Found a snail-covered altar of Cheibriados.
   168 | D        | Entered arena 1.
   168 | D        | Noticed a deep elf knight
   168 | D        | Noticed a deep elf mage
   171 | D        | Killed a deep elf knight
   171 | D        | Reached XP level 2. HP: 26/26 MP: 1/1
   171 | D        | Reached XP level 3. HP: 31/31 MP: 2/2
   171 | D        | Reached XP level 4. HP: 39/39 MP: 3/3
   171 | D        | Reached XP level 5. HP: 45/45 MP: 4/4
   171 | D        | Reached XP level 6. HP: 51/51 MP: 5/5
   171 | D        | Reached XP level 7. HP: 57/57 MP: 6/6
   175 | D        | Killed a deep elf mage
   184 | D        | Entered arena 2.
   184 | D        | Noticed a deep elf knight
   184 | D        | Noticed an orc high priest
   191 | D        | Killed an orc high priest
   191 | D        | Reached skill level 15 in Armour
   191 | D        | Reached skill level 15 in Shields
   191 | D        | Reached XP level 8. HP: 64/64 MP: 7/7
   192 | D        | Killed a deep elf knight
   192 | D        | Reached XP level 9. HP: 70/70 MP: 8/8
   284 | D        | Entered arena 3.
   284 | D        | Noticed a thrashing horror
   289 | D        | Killed a thrashing horror
   289 | D        | Reached skill level 10 in Fighting
   296 | D        | Got the amulet "Oqualyf" {Faith rElec rN+ Str+4 Stlth-}
   299 | D        | Got the amulet of Xilaj {Harm *Drain rF- MR++ Str+9}
   304 | D        | Entered arena 4.
   319 | D        | Entered arena 5.
   330 | D        | Got the amulet "Heni" {Faith rElec Str+4 Int-3 Dex+2}
   438 | D        | Entered arena 6.
   438 | D        | Noticed a merfolk
   438 | D        | Noticed a merfolk
   438 | D        | Noticed a cyclops
   438 | D        | Noticed a merfolk
   445 | D        | Killed a cyclops
   446 | D        | Killed a merfolk
   449 | D        | Killed a merfolk
   449 | D        | Reached skill level 5 in Axes
   449 | D        | Killed a merfolk
   449 | D        | Reached XP level 10. HP: 55/100 MP: 9/9
   467 | D        | Entered arena 7.
   467 | D        | Noticed a draconian
   467 | D        | Noticed a draconian
   467 | D        | Noticed a draconian
   467 | D        | Noticed a draconian
   467 | D        | Noticed a yellow draconian
   467 | D        | Noticed a draconian
   474 | D        | Killed a draconian
   477 | D        | Killed a yellow draconian
   477 | D        | Killed a draconian
   478 | D        | Killed a draconian
   478 | D        | Reached skill level 10 in Axes
   479 | D        | Killed a draconian
   479 | D        | Reached skill level 15 in Fighting
   483 | D        | Killed a draconian
   917 | D        | Entered arena 8.
   921 | D        | Noticed a smoke demon
   933 | D        | Reached XP level 11. HP: 95/113 MP: 10/10
   944 | D        | Entered arena 9.
   973 | D        | Entered arena 10.
   999 | D        | Entered arena 11.
   999 | D        | Noticed a starcursed mass
  1004 | D        | Reached skill level 15 in Axes
  1010 | D        | Gained mutation: Your system is resistant to poisons. (rPois) [a neqoxec]
  1014 | D        | Killed a starcursed mass
  1016 | D        | Killed a starcursed mass
  1021 | D        | Got the ring "Ihioc" {rF+ Stlth+}
  1144 | D        | Entered arena 12.
  1144 | D        | Noticed a black draconian
  1144 | D        | Noticed an ice dragon
  1144 | D        | Noticed a yellow draconian
  1144 | D        | Noticed a storm dragon
  1144 | D        | Noticed a purple draconian
  1145 | D        | Noticed a golden dragon
  1145 | D        | Noticed a green draconian
  1145 | D        | Noticed a mottled draconian
  1145 | D        | Noticed a purple draconian
  1145 | D        | Noticed a mottled draconian
  1145 | D        | Noticed an ice dragon
  1157 | D        | Killed an ice dragon
  1160 | D        | Killed a golden dragon
  1160 | D        | Killed a purple draconian
  1160 | D        | Killed a mottled draconian
  1160 | D        | Reached XP level 12. HP: 53/121 MP: 11/11
  1162 | D        | Killed a purple draconian
  1164 | D        | Killed a black draconian
  1164 | D        | Killed an ice dragon
  1165 | D        | Killed a storm dragon
  1167 | D        | Killed a yellow draconian
  1167 | D        | Killed a green draconian
  1175 | D        | Killed a mottled draconian
  1613 | D        | Entered arena 13.
  1653 | D        | Entered arena 14.
  1654 | D        | Noticed a death ooze
  1655 | D        | Noticed a great orb of eyes
  1659 | D        | Killed a death ooze
  1664 | D        | Killed a great orb of eyes
  1852 | D        | Entered arena 15.
  1857 | D        | Noticed a daeva
  1857 | D        | Noticed a pearl dragon
  1865 | D        | Killed a pearl dragon
  1865 | D        | Reached XP level 13. HP: 97/127 MP: 11/17
  1872 | D        | Killed a daeva
  2427 | D        | Got the ring "Geeckugg" {rN++ Slay+1}
  2445 | D        | Entered arena 16.
  2453 | D        | Noticed an orc warlord
  2454 | D        | Noticed a stone giant
  2455 | D        | Identified a +3 rod of shadows (9/14)
  2457 | D        | Noticed a stone giant
  2465 | D        | Killed an orc warlord
  2467 | D        | Killed a stone giant
  2473 | D        | Killed a stone giant
  2515 | D        | Entered arena 17.
  2538 | D        | Noticed a starcursed mass
  2551 | D        | Paralysed by accursed screaming for 2 turns
  2558 | D        | Paralysed by accursed screaming for 2 turns
  2560 | D        | HP: 2/127 [large abomination (5)]
  2565 | D        | Paralysed by accursed screaming for 1 turns
  3224 | D        | Identified a +0 pair of boots of running (You found it in the Dungeon)
  3247 | D        | Entered arena 18.
  3280 | D        | Got the ring of Temptation {rF+ Stlth-}
  3538 | D        | Entered arena 19.
  3543 | D        | Noticed a stone giant
  3543 | D        | Noticed a stone giant
  3543 | D        | Noticed a fire giant
  3543 | D        | Noticed a stone giant
  3553 | D        | Killed a fire giant
  3553 | D        | Killed a stone giant
  3556 | D        | Killed a stone giant
  3556 | D        | Reached XP level 14. HP: 109/146 MP: 19/19
  3559 | D        | Killed a stone giant
  3585 | D        | Got the amulet "Cukoed" {Inacc -Tele +Fly rN++ Int+3}
  3676 | D        | Entered arena 20.
  3681 | D        | Noticed an acid blob
  3681 | D        | Noticed an azure jelly
  3681 | D        | Noticed an acid blob
  3681 | D        | Noticed an azure jelly
  3682 | D        | Noticed an azure jelly
  3682 | D        | Noticed an azure jelly
  3690 | D        | Killed an acid blob
  3691 | D        | Killed an acid blob
  3692 | D        | Killed an azure jelly
  3696 | D        | Killed an azure jelly
  3697 | D        | Killed an azure jelly
  3701 | D        | Killed an azure jelly
  3704 | D        | Gained mutation: Your movements are slightly less encumbered by armour. (ER -2) [a shining eye]
  3709 | D        | Gained mutation: Your body sometimes deteriorates upon taking damage. [a shining eye]
  3864 | D        | Got the amulet "Rearius" {RegenMP rPois Dex+3}
  3876 | D        | Got the ring "Oleuffuj" {rPois rC- Int+4 Stlth+}
  4099 | D        | Entered arena 21.
  4103 | D        | Noticed a greater naga
  4104 | D        | Noticed a greater naga
  4109 | D        | Killed a greater naga
  4111 | D        | Noticed a greater naga
  4112 | D        | Noticed a greater naga
  4123 | D        | Killed a greater naga
  4129 | D        | Killed a greater naga
  4129 | D        | Reached XP level 15. HP: 130/170 MP: 20/20
  4135 | D        | Killed a greater naga
  4149 | D        | Got the amulet "Heniosin" {Inacc Dex+2}
  4165 | D        | Got the ring "Yckaur" {Wiz +Inv rPois Dex+5 Slay-2}
  4196 | D        | Identified a +2 pair of boots of running (You found it in the Dungeon)
  4509 | D        | Entered arena 22.
  4509 | D        | Noticed Murray
  4515 | D        | Killed Ijyb
  4518 | D        | Noticed the Enchantress
  4520 | D        | Noticed Dissolution
  4522 | D        | Noticed Lom Lobon
  4522 | D        | Noticed Mnoleg
  4522 | D        | Noticed Aizul
  4523 | D        | Noticed Chuck
  4523 | D        | Noticed Erica
  4523 | D        | Noticed Cerebov
  4523 | D        | Noticed Wiglaf
  4524 | D        | Noticed Maurice
  4524 | D        | Noticed Saint Roka
  4524 | D        | Noticed Prince Ribbit
  4526 | D        | Noticed Josephine
  4526 | D        | Noticed Grinder
  4526 | D        | Noticed the Serpent of Hell
  4526 | D        | Noticed Joseph
  4526 | D        | Killed Prince Ribbit
  4526 | D        | Killed Grinder
  4527 | D        | Noticed a Brimstone Fiend
  4527 | D        | Reached skill level 5 in Dodging
  4527 | D        | Reached XP level 16. HP: 148/178 MP: 16/21
  4528 | D        | Noticed Asmodeus
  4528 | D        | Noticed Jory
  4529 | D        | Killed Josephine
  4530 | D        | Noticed an eldritch tentacle
  4533 | D        | Killed Joseph
  4533 | D        | Killed Maurice
  4533 | D        | Killed Dissolution
  4534 | D        | Noticed Nergalle
  4536 | D        | Noticed Boris
  4536 | D        | Killed the Enchantress
  4538 | D        | Noticed Pikel
  4539 | D        | Killed Saint Roka
  4539 | D        | Killed Wiglaf
  4539 | D        | Killed from afar by the Serpent of Hell

Vault maps used:
D:        sprint_v

Skill      XL: |  1  2  3  4  5  6  7  8  9 10 11 12 13 14 15 16 |
---------------+-------------------------------------------------+-----
Armour         | 13 15 16 19 20 22 24 26 | 26.2
Shields        | 13 15 16 19 21 22 24 26 | 26.3
Fighting       | 12 15 19 25 | 25.2
Axes           | 5 13 16 19 | 19.4
Evocations     | 7 9 |  9.2
Dodging        | 5 |  5.9

Action                   |  1- 3 |  4- 6 |  7- 9 | 10-12 | 13-15 | 16-18 || total
-------------------------+-------+-------+-------+-------+-------+-------++-------
Melee: Broad axe         |     2 |       |    32 |   104 |   159 |    10 ||   307
       Headbutt          |       |       |     8 |    19 |    40 |     4 ||    71
Evoke: Wand              |       |       |       |       |     5 |       ||     5
  Use: Potion            |       |       |     1 |    10 |     5 |     2 ||    18
 Stab: Distracted        |       |       |       |     1 |     1 |       ||     2
       Petrifying        |       |       |       |       |       |     1 ||     1
       Petrified         |       |       |       |       |       |     1 ||     1
  Eat: Meat ration       |       |       |       |     1 |     1 |       ||     2
       Bread ration      |       |       |       |       |     2 |       ||     2
Armor: Plate armour      |       |       |    18 |   104 |   108 |     6 ||   236
Dodge: Dodged            |       |       |     2 |    17 |    12 |     9 ||    40
Block: Shield            |     1 |       |    56 |   202 |   239 |    31 ||   529
